 Dungeon Crawl Stone Soup version 0.24-a0-434-gd57e52fea8 (webtiles) character file.

Game seed: 16625423671054625381

795 vurker the Chopper (level 7, 0/56 HPs)
             Began as a Demonspawn Gladiator on June 16, 2019.
             Was an Initiate of Yredelemnul.
             Slain by an ogre
             ... wielding a +0 giant club
              (2 damage)
             ... on level 5 of the Dungeon.
             The game lasted 00:07:30 (4800 turns).

vurker the Chopper (Demonspawn Gladiator)           Turns: 4800, Time: 00:07:31

Health: 0/56       AC: 11    Str: 17    XL:     7   Next: 58%
Magic:  7/8        EV: 10    Int:  9    God:    Yredelemnul [......]
Gold:   142        SH:  0    Dex: 14    Spells: 6/6 levels left

rFire    . . .     SeeInvis .   a - +0 war axe
rCold    . . .     Gourm    .   (no shield)
rNeg     + . .     Faith    .   t - +0 scale mail
rPois    .         Spirit   .   c - +0 helmet
rElec    .         Reflect  .   s - +0 cloak
rCorr    .         Harm     .   (no gloves)
MR       .....                  (no boots)
Stlth    ..........             (no amulet)
HPRegen  0.18/turn              n - ring of positive energy
MPRegen  0.11/turn              (no ring)

@: no status effects
A: icy blue scales 2, demonic guardian 1, foul stench 1, rot immunity
a: Renounce Religion


You were on level 5 of the Dungeon.
You worshipped Yredelemnul.
Yredelemnul was noncommittal.
You were hungry.

You visited 2 branches of the dungeon, and saw 6 of its levels.

You collected 142 gold pieces.

Inventory:

Hand Weapons
 a - a +0 war axe (weapon)
 b - the cursed +0 mace "Vowuor" {crush, rN+ Int+3, unknown}
   (You found it on level 4 of the Dungeon)

   It inflicts extra damage upon your enemies.
   It affects your intelligence (+3).
   It protects you from negative energy.
   It has a curse placed upon it.
Armour
 c - a +0 helmet (worn)
 s - a +0 cloak (worn)
   (You took it off Crazy Yiuf on level 4 of the Dungeon)
 t - a +0 scale mail (worn)
   (You found it on level 5 of the Dungeon)
Jewellery
 n - a ring of positive energy (left hand)
   (You took it off a goblin on level 3 of the Dungeon)
 q - a +5 ring of strength {unknown}
   (You found it on level 4 of the Dungeon)
Wands
 d - a wand of iceblast (7)
   (You found it on level 4 of the Dungeon)
 v - a wand of digging (2)
   (You took it off Ijyb on level 5 of the Dungeon)
 x - a wand of acid (8)
   (You found it on level 3 of the Dungeon)
Scrolls
 g - 2 scrolls of enchant weapon {unknown}
 h - a scroll of immolation {unknown}
 i - 3 scrolls of identify {unknown}
 j - a scroll of fear {unknown}
 o - 3 scrolls of magic mapping {unknown}
 r - a scroll of teleportation {unknown}
Potions
 k - 2 potions of agility {unknown}
 l - 2 potions of heal wounds {unknown}
 m - 4 potions of degeneration {unknown}
 p - a potion of haste {unknown}
Comestibles
 e - 4 rations {!d}


   Skills:
 + Level 5.1 Fighting
 * Level 6.9 Axes
 - Level 1.7 Throwing
 - Level 2.6 Dodging
 + Level 1.3 Invocations


You had 6 spell levels left.
You didn't know any spells.
Your spell library was empty.

Dungeon Overview and Level Annotations

Branches:
Dungeon (5/15)             Temple (1/1) D:5

Altars:
Cheibriados
Elyvilon
Fedhas
Gozag
Hepliaklqana
Kikubaaqudgha
Nemelex Xobeh
Okawaru
Sif Muna
Trog
Uskayaw
Wu Jian
Xom
Yredelemnul
Zin
The Shining One


Innate Abilities, Weirdness & Mutations

You are mostly covered in icy blue scales. (AC +3)
A weak demonic guardian rushes to your aid.
You may emit foul miasma when damaged in melee.
You are immune to rotting.


Message History

o - 3 scrolls labeled KIMUECV ZIKHLA (gained 1)
You are feeling hungry.
You open the large door.
A quokka and a howler monkey come into view.
The howler monkey howls!
You hear a shout!
The howler monkey hoots and howls with incredible vigour!
Found 106 gold pieces.
There are monsters nearby!
An ice beast and an ogre come into view.
The ogre shouts!
There is a large open door here.
Your shadow imp hits the quokka.
The quokka dies!
Yredelemnul accepts your kill.
The howler monkey hits you but does no damage.
You slash the howler monkey!
Your shadow imp hits the ogre.
The howler monkey hits you.
The howler monkey looks sick.
Your shadow imp hits the ice beast.
You barely miss the howler monkey. You barely miss the ogre.
The howler monkey hits you but does no damage.
The ogre hits you with a +0 giant club!!
Your shadow imp completely misses the ice beast.
You hit the howler monkey. You completely miss the ogre.
You slash the ice beast!
The howler monkey hits you but does no damage.
The ice beast hits you but does no damage.
Your shadow imp hits the ice beast.
The ogre hits you but does no damage. The howler monkey hits you.
You closely miss the howler monkey. You hit the ice beast. You slash the ogre!
The howler monkey hoots and howls with incredible vigour!
Your shadow imp closely misses the ice beast.
The ice beast hits you. The ice beast freezes you!
* * * LOW HITPOINT WARNING * * *
The ice beast looks sick.
The ogre hits you with a +0 giant club!!
* * * LOW HITPOINT WARNING * * *
You hear an angry hiss. x2
Your shadow imp misses the ice beast.
There is a large open door here.
Your shadow imp gestures at the ice beast.
The ice beast writhes in agony!
The ice beast dies!
Yredelemnul accepts your kill.
Your Invocations skill increases to level 1!
The howler monkey hits you but does no damage.
You closely miss the howler monkey. The howler monkey hits you.
* * * LOW HITPOINT WARNING * * *
The ogre hits you with a +0 giant club.
You die...
Your body rises from the dead as a mindless zombie.

###...#....## ##
###.###.....##
#....#.....##
##.........#
#.....######
#....##....##
#...##......##
#..##...$$...#
##.@h.5$..$..#
#...O..$..$..#
#...##...$$...+
#......##......##
##..... ##....##
##.... #####
####..


You could see an ogre, a howler monkey and a friendly shadow imp.

Vanquished Creatures
  Eustachio (D:4)
  A hound (D:5)
  A bullfrog zombie (D:5)
  A jelly (D:5)
  A centaur skeleton (D:5)
  2 bullfrog skeletons
  Crazy Yiuf (D:4)
  An orc priest (D:3)
  Ijyb (D:5)
  2 worker ants (D:5)
  A howler monkey skeleton (D:5)
  A worker ant zombie (D:5)
  8 adders
  4 gnolls (D:2)
  An ooze (D:1)
  An adder skeleton (D:5)
  2 worms
  4 dart slugs (D:1)
  4 orcs
  2 ball pythons
  8 bats
  7 giant cockroaches
  4 goblins
  7 hobgoblins
  12 jackals
  8 kobolds
  4 quokkas
  7 frilled lizards
  A jackal skeleton (D:5)
  6 rats
  A fungus (D:4)
105 creatures vanquished.

Vanquished Creatures (collateral kills)
  Purgy (D:4)
  An ice beast (D:5)
  A quokka (D:5)
3 creatures vanquished.

Grand Total: 108 creatures vanquished

Notes
Turn   | Place    | Note
-------+----------+-------------------------------------------
     0 | D:1      | vurker the Demonspawn Gladiator began the quest for the
                  | Orb.
     0 | D:1      | Reached XP level 1. HP: 16/16 MP: 1/1
    22 | D:1      | Reached skill level 3 in Axes
   212 | D:1      | Gained mutation: You are partially covered in icy blue
                  | scales. (AC +2) [demonic ancestry]
   212 | D:1      | Reached XP level 2. HP: 22/22 MP: 2/2
   595 | D:1      | Gained mutation: A weak demonic guardian rushes to your
                  | aid. [demonic ancestry]
   595 | D:1      | Reached XP level 3. HP: 26/28 MP: 3/3
  1209 | D:2      | Reached skill level 4 in Axes
  1209 | D:2      | Reached XP level 4. HP: 21/35 MP: 4/4
  1973 | D:3      | Gained mutation: You are immune to rotting. [demonic
                  | ancestry]
  1973 | D:3      | Reached XP level 5. HP: 41/41 MP: 5/5
  2479 | D:3      | Reached skill level 5 in Axes
  2531 | D:3      | Found a hazy altar of Hepliaklqana.
  3160 | D:4      | Noticed Purgy
  3169 | D:4      | Killed Purgy
  3169 | D:4      | Gained mutation: You may emit foul miasma when damaged in
                  | melee. [demonic ancestry]
  3169 | D:4      | Reached XP level 6. HP: 43/48 MP: 6/6
  3503 | D:4      | Noticed Eustachio
  3530 | D:4      | Killed Eustachio
  3530 | D:4      | Reached skill level 6 in Axes
  4222 | D:4      | Found a runed translucent door.
  4223 | D:4      | Got a smoking mace
  4224 | D:4      | Noticed Crazy Yiuf
  4229 | D:4      | Killed Crazy Yiuf
  4267 | D:5      | Entered Level 5 of the Dungeon
  4303 | D:5      | Gained mutation: You are mostly covered in icy blue scales.
                  | (AC +3) [demonic ancestry]
  4303 | D:5      | Reached XP level 7. HP: 44/55 MP: 7/7
  4632 | D:5      | Found a glowing silver altar of Zin.
  4690 | D:5      | Found a staircase to the Ecumenical Temple.
  4691 | D:5      | Noticed Ijyb
  4711 | D:5      | Killed Ijyb
  4722 | Temple   | Entered the Ecumenical Temple
  4727 | Temple   | Became a worshipper of Yredelemnul the Dark
  4744 | D:5      | Reached skill level 5 in Fighting
  4799 | D:5      | Reached skill level 1 in Invocations
  4800 | D:5      | HP: 2/56 [howler monkey (2)]
  4800 | D:5      | Slain by an ogre

Levels and vault maps discovered:
D:1:      evilmike_arrival_crescent, layout_rooms, minivault_4
D:2:      layout_loops_ring, first_ration
D:3:      layout_basic, lemuel_doored_altar, minmay_crystal_water
D:4:      layout_basic, hangedman_abyss_or_decor_jellyfish_corner, uniq_purgy,
          uniq_crazy_yiuf_cottage, uniq_eustachio
D:5:      minmay_polygon_palace, layout_cave_pools,
          minmay_temple_entry_crystal_x, basic_altar, minmay_manual_mullet,
          uniq_ijyb
Temple:   minmay_freezing_vapour_temple

Skill      XL: |  1  2  3  4  5  6  7 |
---------------+----------------------+-----
Axes           | 3 4 5 6 |  6.9
Fighting       | 3 4 5 |  5.1
Invocations    | 1 |  1.3
Throwing       | |  1.7
Dodging        | |  2.6

Action                   |  1- 3 |  4- 6 |  7- 9 || total
-------------------------+-------+-------+-------++-------
Melee: War axe           |   113 |   178 |    73 ||   364
Throw: Throwing net      |     1 |     2 |       ||     3
 Stab: Distracted        |       |       |     2 ||     2
  Eat: Chunk             |     1 |     8 |       ||     9
       Ration            |       |     1 |       ||     1
Armor: Leather armour    |    41 |       |       ||    41
       Ring mail         |     9 |    76 |    30 ||   115
       Scale mail        |       |       |     6 ||     6
Dodge: Dodged            |    90 |   110 |    56 ||   256

Table legend:
 A = Non-vault XP
 B = Vault XP
 C = Vault XP percentage of total XP
 D = Non-vault monster count
 E = Vault monster count
 F = Vault count percentage of total count
                 A         B        C        D         E       F
            +---------+---------+-------+---------+---------+-------
      Total |     688 |     449 |  39.5 |     101 |       6 |   5.6
            +---------+---------+-------+---------+---------+-------
        D:1 |      72 |       0 |   0.0 |      34 |       0 |   0.0
        D:2 |     123 |       0 |   0.0 |      25 |       0 |   0.0
        D:3 |     120 |       0 |   0.0 |      23 |       0 |   0.0
        D:4 |      72 |     321 |  81.7 |       5 |       3 |  37.5
        D:5 |     301 |     128 |  29.8 |      14 |       3 |  17.6
            +---------+---------+-------+---------+---------+-------
